 Dungeon Crawl Stone Soup version 0.27.1-33-g824d729ab1 (webtiles) character file.

Game seed: 6233784418694282540

46081 Grabarz the Eclecticist (level 14, -7/68 HPs)
             Began as a Deep Elf Earth Elementalist on Dec 10, 2021.
             Was a High Priest of Sif Muna.
             Mangled by a komodo dragon (8 damage)
             ... while petrified by a basilisk
             ... on level 6 of the Lair of Beasts.
             The game lasted 02:32:39 (24871 turns).

Grabarz the Eclecticist (DEEE)                     Turns: 24871, Time: 02:32:40

Health: -7/68      AC: 13    Str:  5    XL:     14   Next: 3%
Magic:  30/45      EV:  2    Int: 26    God:    Sif Muna [*****.]
Gold:   1330       SH:  0    Dex: 15    Spells: 22/45 levels left

rFire    + . .     SeeInvis .   G - +7 war axe (freeze)
rCold    . . .     Faith    .   (no shield)
rNeg     + + +     Spirit   .   E - +1 robe {rF+}
rPois    ∞         Reflect  .   I - +0 helmet
rElec    .         Harm     .   O - +2 cloak {Stlth+}
rCorr    .         Rampage  .   (no gloves)
Will     +....                  h - +1 pair of boots
Stlth    +++.......             V - amulet of magic regeneration
HPRegen  0.21/turn              y - ring of magical power
MPRegen  0.54/turn              F - +4 ring of protection

@: petrified
A: no striking features
a: Renounce Religion, Channel Magic, Forget Spell, Divine Exegesis


You were on level 6 of the Lair of Beasts.
You worshipped Sif Muna.
Sif Muna was extremely pleased with you.
You visited 3 branches of the dungeon, and saw 18 of its levels.

You collected 1330 gold pieces.

Inventory:

Hand Weapons
 G - a +7 war axe of freezing (weapon)
Missiles
 c - 372 stones
Armour
 h - a +1 pair of boots (worn)
 m - +0 steam dragon scales
 p - the +1 robe of Emygu {Stlth+}
   (You found it on level 10 of the Dungeon)

   Stlth:     It makes you more stealthy.
 v - +0 acid dragon scales
 E - a +1 robe of fire resistance (worn)
 I - a +0 helmet (worn)
 O - a +2 cloak of stealth (worn)
Magical Staves
 f - a staff of conjuration
Jewellery
 b - a ring of wizardry
 e - an amulet of the acrobat
 i - an amulet of regeneration
 o - the ring "Aqedwog" {Fly Will++}
   (You acquired it on level 10 of the Dungeon)

   [ring of flight]

   Fly:       It grants you flight.
   Will:      It greatly increases your willpower.
 q - a ring of positive energy
 w - a ring of protection from cold
 y - a ring of magical power (left hand)
 F - a +4 ring of protection (right hand)
 M - an amulet of guardian spirit
 Q - a +6 ring of strength
 V - an amulet of magic regeneration (around neck)
Wands
 u - a wand of flame (49)
 A - a wand of iceblast (17)
 D - a wand of paralysis (23)
 J - a wand of mindburst (14)
 K - a wand of digging (5)
Scrolls
 g - 5 scrolls of identify
 k - 9 scrolls of teleportation
 r - 2 scrolls of blinking
 s - a scroll of enchant armour
 x - 4 scrolls of brand weapon
 z - 3 scrolls of immolation
 B - 6 scrolls of amnesia
 C - 2 scrolls of magic mapping
 L - a scroll of fear
Potions
 a - 6 potions of brilliance
 d - 4 potions of magic
 j - 3 potions of haste
 l - 6 potions of might
 n - 2 potions of resistance
 t - 3 potions of flight
 H - 3 potions of mutation
 P - a potion of lignification
 R - a potion of ambrosia
 S - 2 potions of cancellation
 T - a potion of heal wounds
 U - a potion of curing
Miscellaneous
 N - a piece from Xom's chessboard (15/15)


   Skills:
 - Level 3.0 Dodging
 - Level 2.4 Stealth
 * Level 16.0 Spellcasting
 + Level 10.2 Conjurations
 + Level 10.3 Hexes
 + Level 10.2 Transmutations
 * Level 14.0 Earth Magic
 + Level 7.6 Invocations


You had 22 spell levels left.
You knew the following spells:

 Your Spells              Type           Power      Damage    Failure   Level
a - Sandblast             Erth           100%       2d20      0%          1
b - Passwall              Tmut/Erth      59%        N/A       1%          2
c - Stone Arrow           Conj/Erth      100%       3d13      1%          3
d - Petrify               Tmut/Erth      71%        N/A       1%          4
e - Dazzling Flash        Conj/Hex       100%       N/A       1%          3
f - Cause Fear            Hex            32%        N/A       1%          4
g - Iron Shot             Conj/Erth      35%        9d7       2%          6

Your spell library contained the following spells:

 Spells                   Type           Power      Damage    Failure   Level
 Magic Dart               Conj           100%       1d8       1%          1
 Shock                    Conj/Air       100%       1d9       1%          1
 Searing Ray              Conj           100%       3d7       1%          2
 Slow                     Hex            65%        N/A       1%          2
 Confusing Touch          Hex            65%        N/A       1%          3
 Conjure Flame            Conj/Fire      47%        6-21      1%          3
 Ignite Poison            Fire/Tmut/Pois 38%        N/A       1%          3
 Inner Flame              Hex/Fire       47%        N/A       1%          3
 Fulminant Prism          Conj/Hex       32%        3d16      1%          4
 Irradiate                Conj/Tmut      32%        3d24      1%          5
 Iskenderun's Battlesphe  Conj           65%        2d11      1%          5
 Freeze                   Ice            80%        1d9       2%          1
 Corpse Rot               Necr/Air       N/A        N/A       3%          2
 Sublimation of Blood     Necr           10%        N/A       3%          2
 Hailstorm                Conj/Ice       47%        3d11      3%          4
 Sticky Flame             Conj/Fire      47%        2d6       3%          4
 Invisibility             Hex            32%        N/A       5%          6
 Frozen Ramparts          Ice            40%        1d6       8%          3
 Gell's Gravitas          Tloc           10%        N/A       8%          3
 Swiftness                Air            20%        N/A       8%          3
 Teleport Other           Tloc           20%        N/A       8%          3
 Metabolic Englaciation   Hex/Ice        23%        N/A       9%          5
 Silence                  Hex/Air        23%        N/A       9%          5
 Airstrike                Air            10%        N/A       24%         4
 Dispel Undead            Necr           20%        3d11      24%         4
 Agony                    Necr           20%        N/A       56%         5
 Discord                  Hex            32%        N/A       94%         8
 Spellforged Servitor     Conj/Summ      23%        N/A       95%         7
 Death Channel            Necr           10%        N/A       98%         6
 Dispersal                Tloc           10%        N/A       98%         6


Dungeon Overview and Level Annotations

Branches:
Dungeon (11/15)            Temple (1/1) D:4            Lair (6/6) D:9
  Swamp (0/4) Lair:2       Spider (0/4) Lair:3          Orc (0/2) D:11
  Slime: Lair:5-6

Altars:
Ashenzari
Cheibriados
Dithmenos
Elyvilon
Fedhas
Gozag
Hepliaklqana
Kikubaaqudgha
Makhleb
Nemelex Xobeh
Okawaru
Qazlal
Ru
Sif Muna
Trog
Uskayaw
Vehumet
Wu Jian
Xom
Yredelemnul
Zin
The Shining One
Beogh

Shops:
D:3 (   D:10 ?   D:11 *


Message History

The basilisk is almost dead.
The basilisk gazes at you.
You are slowing down.
Aiming: Stone Arrow (safe; 1% risk of failure)
Press: ? - help, Q - select action, (/) - cycle Shift-Dir - straight line, f/p - basilisk
Aim: a basilisk (almost dead, 72% to hit)
The stone arrow hits the bullfrog!
The bullfrog is heavily wounded.
The bullfrog hits you but does no damage.
The bullfrog completely misses you.
Your limbs are stiffening.
The bullfrog hits you but does no damage.
The komodo dragon bites you!! The cane toad stings you.
You have turned to stone.
The water moccasin bites you. The komodo dragon bites you!!
The cane toad stings you! The cane toad stings you!!
The blink frog blinks!
The water moccasin bites you but does no damage.
The cane toad stings you but does no damage.
The cane toad stings you!!
* * * LOW HITPOINT WARNING * * *
The komodo dragon bites you but does no damage.
The cane toad stings you.
* * * LOW HITPOINT WARNING * * *
The water moccasin barely misses you.
The bullfrog hits you but does no damage.
The cane toad stings you!
* * * LOW HITPOINT WARNING * * *
The cane toad stings you but does no damage.
The bullfrog hits you but does no damage.
The water moccasin bites you.
* * * LOW HITPOINT WARNING * * *
The cane toad stings you but does no damage.
The komodo dragon bites you!!
* * * LOW HITPOINT WARNING * * *
The cane toad stings you but does no damage.
The basilisk completely misses you. The cane toad stings you.
The bullfrog hits you but does no damage.
The water moccasin bites you but does no damage.
The cane toad stings you but does no damage.
The komodo dragon bites you!
You die...

≈≈≈≈≈≈≈≈..# ..
≈PP≈≈≈≈≈...# ...
≈≈≈≈P≈..≈..#....
≈≈..≈≈.≈...#....
...P...P........
...≈....≈.......
.......FFF.=....
...(.FlF@..$....
......FlSl......
................
................
..............".
....<...........
................
................
...............


You could see a komodo dragon, 3 cane toads, 2 basilisks, a blink frog, a water
moccasin and 2 bullfrogs.

Vanquished Creatures
  Gastronok (D:10)
  7 hydras
  3 two-headed ogres
  The ghost of Vivir the Protected, a novice DDFi of Trog (D:8)
  A catoblepas (Lair:2)
  3 death yaks (Lair:3)
  Sonja (Lair:5)
  Nergalle (Lair:3)
  2 oklob plants (Lair:1)
  A moth of wrath (D:8)
  A manticore (D:10)
  4 black mambas
  5 rime drakes
  8 cane toads
  2 kobold demonologists (D:10)
  5 komodo dragons
  4 slime creatures (D:8)
  2 polar bears
  10 blink frogs
  7 dream sheep (Lair:4)
  A wraith (D:9)
  2 shadows
  A redback (Lair:3)
  48 yaks
  5 wyverns
  16 vampire mosquitoes
  5 basilisks
  3 steam dragons
  Menkaure (D:6)
  An acid dragon (D:5)
  19 water moccasins
  2 hell hounds (Lair:1)
  2 black bears
  3 orc warriors
  2 ice beasts (D:8)
  30 wolves
  2 necrophages (D:7)
  4 ogres
  3 centaurs (D:9)
  14 bullfrogs
  6 kobold brigands
  A wyvern zombie (D:7)
  3 water moccasin zombies
  2 scorpions
  A water moccasin skeleton (D:6)
  5 killer bees (D:8)
  10 wights
  A bullfrog zombie (D:5)
  3 hounds
  A human zombie (D:7)
  4 centaur zombies
  6 orc priests
  A centaur skeleton (D:4)
  2 bullfrog skeletons
  4 jellies
  3 iguanas
  4 orc wizards
  2 mummies (D:7)
  4 gnolls (D:3)
  A howler monkey skeleton (D:4)
  9 adders
  A river rat (Lair:1)
  A white imp (D:7)
  An ufetubus (D:5)
  An adder skeleton (D:5)
  A dart slug (D:3)
  33 orcs
  7 endoplasms
  A giant cockroach (D:4)
  4 goblins
  3 hobgoblins
  30 kobolds
  3 quokkas
  11 ball pythons
  6 bats
  5 frilled lizards
  2 rats
416 creatures vanquished.

Vanquished Creatures (others)
  3 bushes (D:9)
  15 fungi
  49 plants
67 creatures vanquished.

Grand Total: 483 creatures vanquished

Notes
Turn   | Place    | Note
-------+----------+-------------------------------------------
     0 | D:1      | Grabarz the Deep Elf Earth Elementalist began the quest for
                  | the Orb.
     0 | D:1      | Reached XP level 1. HP: 10/10 MP: 6/6
     3 | D:1      | Noticed a vine stalker
     3 | D:1      | Noticed a dwarf
     6 | D:1      | Noticed a minotaur
     6 | D:1      | Noticed a demigod
     8 | D:1      | Noticed a spriggan
     8 | D:1      | Noticed a formicid
    10 | D:1      | Noticed an ogre
    10 | D:1      | Noticed a demonspawn
    12 | D:1      | Noticed a djinni
    14 | D:1      | Noticed a human
    14 | D:1      | Noticed a merfolk
    16 | D:1      | Noticed a draconian
    16 | D:1      | Noticed a tengu
    18 | D:1      | Noticed a barachi
    20 | D:1      | Noticed an elf
    20 | D:1      | Noticed a gargoyle
    22 | D:1      | Noticed a ghoul
    22 | D:1      | Noticed a troll
    24 | D:1      | Noticed a vampire
    24 | D:1      | Noticed a palentonga
    26 | D:1      | Noticed a naga
    26 | D:1      | Noticed a felid
    28 | D:1      | Noticed an octopode
    54 | D:1      | Found a faded altar of an unknown god.
   442 | D:1      | Reached XP level 2. HP: 15/15 MP: 6/8
  1191 | D:1      | Learned a level 2 spell: Passwall
  1583 | D:2      | Reached XP level 3. HP: 19/19 MP: 7/10
  1612 | D:2      | Learned a level 3 spell: Stone Arrow
  1662 | D:2      | Reached skill level 4 in Spellcasting
  2071 | D:2      | Reached XP level 4. HP: 24/24 MP: 9/12
  2097 | D:2      | Learned a level 4 spell: Petrify
  2443 | D:3      | Found Buiffyah's Antique Weapon Emporium.
  2592 | D:3      | Reached skill level 1 in Conjurations
  2703 | D:3      | Reached XP level 5. HP: 23/28 MP: 6/13
  2962 | D:3      | You fall into a shaft and drop 1 floor!
  3065 | D:4      | Noticed a black bear
  3101 | D:4      | Found a staircase to the Ecumenical Temple.
  3106 | Temple   | Entered the Ecumenical Temple
  3389 | D:4      | Killed a black bear
  3390 | D:4      | Reached skill level 5 in Spellcasting
  3390 | D:4      | Reached skill level 5 in Earth Magic
  3390 | D:4      | Reached XP level 6. HP: 9/32 MP: 5/15
  4096 | D:4      | Found a hide-covered altar of Uskayaw.
  4496 | D:4      | Reached XP level 7. HP: 36/36 MP: 14/17
  4673 | D:5      | Entered Level 5 of the Dungeon
  4699 | D:4      | Reached skill level 6 in Spellcasting
  5272 | D:5      | Found a shimmering blue altar of Sif Muna.
  5285 | D:5      | Became a worshipper of Sif Muna the Loreminder
  5420 | D:5      | Reached skill level 7 in Spellcasting
  5420 | D:5      | Reached XP level 8. HP: 41/41 MP: 17/20
  5531 | D:5      | Found a radiant altar of Vehumet.
  5910 | D:6      | Reached skill level 5 in Conjurations
  6033 | D:6      | Reached skill level 8 in Spellcasting
  6103 | D:6      | Found a shimmering altar of Xom.
  6112 | D:6      | Found a sacrificial altar of Ru.
  6244 | D:6      | Reached skill level 5 in Transmutations
  6277 | D:6      | Noticed Menkaure
  6281 | D:6      | Killed Menkaure
  6592 | D:6      | Found a hazy altar of Hepliaklqana.
  6813 | D:6      | Learned a level 3 spell: Dazzling Flash
  7114 | D:7      | Reached skill level 9 in Spellcasting
  7114 | D:7      | Reached XP level 9. HP: 45/45 MP: 13/24
  7470 | D:7      | Reached skill level 1 in Hexes
  7740 | D:7      | Reached * piety under Sif Muna
  8128 | D:7      | Found a basalt altar of Yredelemnul.
  8488 | D:7      | Found a burning altar of Makhleb.
  8488 | D:7      | Noticed a green death
  8774 | D:8      | Found a transporter.
  8827 | D:8      | Noticed Vivir's ghost (novice DDFi)
  8830 | D:8      | Noticed a moth of wrath
  8952 | D:8      | Reached skill level 10 in Spellcasting
  9587 | D:8      | Noticed a two-headed ogre
  9595 | D:8      | Killed a two-headed ogre
  9595 | D:8      | Reached ** piety under Sif Muna
  9596 | D:8      | Reached XP level 10. HP: 50/50 MP: 19/26
  9743 | D:8      | Reached skill level 11 in Spellcasting
  9931 | D:8      | Found a transporter.
 10353 | D:9      | Reached skill level 1 in Invocations
 10479 | D:9      | Reached skill level 10 in Earth Magic
 10481 | D:9      | Reached skill level 5 in Hexes
 10929 | D:9      | Learned a level 4 spell: Cause Fear
 11680 | D:9      | Found an opulent altar of Gozag.
 11680 | D:9      | Found a stormy altar of Qazlal.
 11681 | D:9      | Found a snail-covered altar of Cheibriados.
 11750 | D:9      | Found a staircase to the Lair.
 11843 | D:9      | Found a glowing golden altar of the Shining One.
 11925 | D:9      | Noticed a two-headed ogre
 11936 | D:9      | Killed a two-headed ogre
 11937 | D:9      | Reached skill level 12 in Spellcasting
 11937 | D:9      | Reached XP level 11. HP: 41/54 MP: 19/29
 12202 | D:10     | Entered Level 10 of the Dungeon
 12238 | D:10     | Found Tamu's Magic Scroll Boutique.
 12244 | D:10     | Noticed Gastronok
 12316 | D:10     | Killed Gastronok
 12424 | D:10     | Identified a scroll of acquirement
 12424 | D:10     | Acquired the ring "Aqedwog" {Fly Will++}
 12772 | D:10     | Reached *** piety under Sif Muna
 12845 | D:10     | Identified the +1 robe of Emygu {Stlth+}
 13472 | D:11     | Noticed a two-headed ogre
 13488 | D:11     | Killed a two-headed ogre
 13489 | D:11     | Reached skill level 13 in Spellcasting
 13606 | D:11     | Identified the +0 halberd of a Million Spirits {drain,
                  | Fragile Will+ rCorr Str+2}
 13840 | D:11     | Identified the +9 quarterstaff "Beorpheut" {venom, rC+
                  | Str+3 Dex-3 SInv}
 13977 | D:11     | Found a staircase to the Orcish Mines.
 14123 | D:11     | Found Zin's Purification Station.
 14126 | D:11     | Found a glowing silver altar of Zin.
 15497 | D:8      | Learned a level 6 spell: Iron Shot
 15521 | D:8      | Reached XP level 12. HP: 52/59 MP: 27/31
 15697 | D:8      | Killed Vivir's ghost
 15840 | Lair:1   | Entered Level 1 of the Lair of Beasts
 15888 | Lair:1   | Reached skill level 5 in Invocations
 16044 | Lair:1   | Found a blossoming altar of Fedhas.
 16311 | Lair:1   | Reached **** piety under Sif Muna
 16538 | Lair:1   | Got the Almanac of the Rattlesnake
 16798 | Lair:1   | Reached skill level 14 in Spellcasting
 17672 | Lair:2   | Found a staircase to the Swamp.
 17838 | Lair:2   | Noticed a six-headed hydra
 18702 | Lair:2   | Noticed a catoblepas
 18806 | Lair:2   | Killed a six-headed hydra
 19019 | Lair:2   | Killed a catoblepas
 19245 | Lair:3   | Noticed a death yak
 19245 | Lair:3   | Noticed a death yak
 19250 | Lair:3   | Noticed a death yak
 19251 | Lair:3   | Killed a death yak
 19322 | Lair:3   | Noticed Nergalle
 19330 | Lair:3   | Killed Nergalle
 19331 | Lair:3   | Reached XP level 13. HP: 63/63 MP: 24/33
 19685 | Lair:3   | Reached ***** piety under Sif Muna
 19896 | Lair:3   | Found a hole to the Spider Nest.
 20348 | Lair:3   | Reached skill level 15 in Spellcasting
 22506 | Lair:4   | Received a gift from Sif Muna
 23004 | Lair:4   | Reached skill level 10 in Conjurations
 23263 | Lair:5   | Reached skill level 10 in Transmutations
 23268 | Lair:5   | Reached skill level 10 in Hexes
 23420 | Lair:5   | Noticed Sonja
 23433 | Lair:5   | Killed Sonja
 24491 | Lair:5   | Reached skill level 16 in Spellcasting
 24560 | Lair:5   | Reached XP level 14. HP: 68/68 MP: 28/36
 24859 | Lair:6   | Entered Level 6 of the Lair of Beasts
 24870 | Lair:6   | HP: 1/68 [komodo dragon (11)]
 24871 | Lair:6   | Mangled by a komodo dragon

Illustrated notes

Levels and vault maps discovered:
D:1:      kb_arrival_jail, layout_basic, basic_ecumenical_altar,
          supply_closet_lemuel
D:2:      layout_loops_corners, minmay_snake_closets
D:3:      layout_basic, serial_shops, nicolae_diamond_shop,
          serial_bayou_crossing
D:4:      layout_basic, amcnicky_altar_gilded,
          minmay_temple_entry_drinking_statues
D:5:      layout_loops_ring, mainiacjoe_overflow_catwalk,
          mainiacjoe_overflow_alcove_1
D:6:      layout_basic, lemuel_coloured_pillars_altar,
          mainiacjoe_overflow_large_starburst, kennysheep_crisscross,
          uniq_menkaure
D:7:      layout_basic, makhleb_altar_promises_db,
          lemuel_mausoleum_altar_yredelemnul
D:8:      layout_basic, gammafunk_ghost_berserking_beasts
D:9:      layout_basic, chequers_temple_overflow_statue_of_worship,
          overflow_temple_1_default, minmay_lair_entry_grove
D:10:     layout_roguey, serial_shops, nicolae_square_shop, uniq_gastronok
D:11:     layout_layer_cave, minmay_orc_entry_temple_small, zin_purify
Temple:   dpeg_chambers_temple
Lair:1:   layout_cave_pods, enter_volcano_3, serial_bayou_pond_a,
          hangedman_tree_tricks, pond
Lair:2:   layout_cave_pods, minmay_swamp_entry_swarm, grunt_megastairs_2
Lair:3:   layout_regular_city, spider_nest_entry_webs, gauntlet_entry_generic,
          lemuel_fruit_fields, grunt_megastairs_5, lemuel_fruit_fields,
          uniq_nergalle
Lair:4:   layout_hall_layers
Lair:5:   layout_regular_city, serial_bayou_shore_b, uniq_sonja
Lair:6:   minmay_lair_end_frog_pond, layout_regular_city,
          minmay_slime_entry_pillars

Skill      XL: |  1  2  3  4  5  6  7  8  9 10 11 12 13 14 |
---------------+-------------------------------------------+-----
Transmutations | 2 3 4 5 6 7 8 9 10 | 10.2
Spellcasting   | 4 5 7 9 10 12 13 14 16 | 16.0
Earth Magic    | 4 5 6 7 9 10 11 12 13 14 | 14.0
Dodging        | 3 |  3.0
Conjurations   | 1 2 3 4 5 6 7 8 9 10 | 10.2
Hexes          | 4 5 7 9 10 | 10.3
Invocations    | 2 4 6 7 |  7.6
Stealth        | |  2.4

Action                   |  1- 3 |  4- 6 |  7- 9 | 10-12 | 13-15 || total
-------------------------+-------+-------+-------+-------+-------++-------
Melee: Dagger            |       |       |    17 |       |       ||    17
       War axe           |       |       |       |     4 |     9 ||    13
 Cast: Sandblast         |    40 |    74 |    63 |    27 |       ||   204
       Passwall          |     1 |       |       |     2 |       ||     3
       Petrify           |       |     2 |     2 |     3 |       ||     7
       Stone Arrow       |       |       |   103 |   303 |   124 ||   530
       Cause Fear        |       |       |       |     4 |     1 ||     5
       Iron Shot         |       |       |       |    32 |    90 ||   122
  Use: Scroll            |     3 |     4 |    10 |     7 |     3 ||    27
Armor: Robe              |       |     7 |    25 |    68 |    43 ||   143
Dodge: Dodged            |     2 |    13 |    34 |   163 |   117 ||   329
       Rpst.: Long sword |       |     1 |       |       |       ||     1
